 Dungeon Crawl Stone Soup version 0.19.0-2-gae57169 (webtiles) character file.

81 dobroeutro the Skirmisher (level 4, -1/29 HPs)
             Began as a Gargoyle Fighter on Nov 6, 2016.
             Slain by dobroeutro's ghost (5 damage)
             ... on level 3 of the Dungeon.
             The game lasted 00:02:00 (1543 turns).

dobroeutro the Skirmisher (Gargoyle Fighter)        Turns: 1543, Time: 00:02:00

Health: -1/29      AC: 11    Str: 25    XL:     4   Next: 42%
Magic:  4/4        EV:  8    Int:  9    God:
Gold:   123        SH:  9    Dex:  9    Spells: 0 memorised, 3 levels left

rFire  . . .     SeeInvis .     a - +0 flail
rCold  . . .     Gourm    .     b - +0 scale mail
rNeg   + . .     Faith    .     c - +0 shield
rPois  ∞         Spirit   .     e - +0 helmet
rElec  +         Reflect  .     (no cloak)
rCorr  .         Harm     .     (no gloves)
MR     .....                    (no boots)
Stlth  ..........               (no amulet)
                                (no ring)
                                (no ring)

@: mighty
A: negative energy resistance 1, electricity resistance, unbreathing,
petrification resistance, rot immunity, AC +3
a: no special abilities


You were on level 3 of the Dungeon.
You were not hungry.

You visited 1 branch of the dungeon, and saw 3 of its levels.

You collected 123 gold pieces.

Inventory:

Hand Weapons
 a - a +0 flail (weapon)
Armour
 b - a +0 scale mail (worn)
 c - a +0 shield (worn)
 e - a +0 helmet (worn)
Scrolls
 g - 2 scrolls of random uselessness {unknown}
 j - 2 scrolls of blinking {unknown}
 m - 2 scrolls of recharging {unknown}
 n - a scroll of remove curse {unknown}
 o - 2 scrolls of teleportation {unknown}
 p - a scroll of enchant armour {unknown}
 q - a scroll of immolation {unknown}
 s - 3 scrolls of enchant weapon {unknown}
 u - 3 scrolls of identify {unknown}
Potions
 h - 2 potions of curing {unknown}
 i - a potion of ambrosia {unknown}
 k - a potion of mutation {unknown}
 r - a potion of brilliance {unknown}
 t - a potion of degeneration {unknown}
Comestibles
 f - 2 bread rations
 l - a beef jerky
 v - 5 chunks of flesh
 w - a slice of pizza


   Skills:
 + Level 3.9 Fighting
 * Level 2.8 Maces & Flails
 + Level 3.8 Armour
 + Level 1.5 Dodging
 - Level 3.2 Shields


You had 3 spell levels left.
You didn't know any spells.

Dungeon Overview and Level Annotations

Branches:
Dungeon (3/15)

Altars:

Annotations:
D:3 dobroeutro's ghost, amateur GrFi


Innate Abilities, Weirdness & Mutations

You are resistant to torment.
Your stone body is resilient. (AC +3)
You are immune to poison.
You resist negative energy. (rN+)
You are resistant to electric shocks. (rElec)
You can survive without breathing.
You are immune to petrification.
You are immune to rotting.


Message History

Dobroeutro's ghost misses you.
You barely miss dobroeutro's ghost.
Dobroeutro's ghost is moderately damaged.
Dobroeutro's ghost hits you!
* * * LOW HITPOINT WARNING * * *
You are too injured to fight recklessly!
You are too injured to fight recklessly!
You are too injured to fight recklessly!
You are too injured to fight recklessly!
You sock dobroeutro's ghost!
Dobroeutro's ghost is severely damaged.
Dobroeutro's ghost hits you.
* * * LOW HITPOINT WARNING * * *
Your shield and scale mail prevent you from hitting dobroeutro's ghost.
Dobroeutro's ghost is severely damaged.
Dobroeutro's ghost barely misses you.
You closely miss dobroeutro's ghost.
Dobroeutro's ghost is severely damaged.
You block dobroeutro's ghost's attack. Dobroeutro's ghost hits you.
You die...

...#..# #.# #. .#
#.###.## #.# #. ###.#
.## ##.## #.# ###
##.##....# ## ##.# #.#
#.. ........# .##
##.#####.#
#.#####....... .)###..#
#...# #........W.#.#
##.#.#.###.### #.#
#<....# ##.##.##...#
#W# #.###.#
#.##.##...####@## ..#
#...........#...# #...
####..........#........
##.......#...#.####..
###...####.##... ..
#...# .# ### #.# #####
.. ###


You could see dobroeutro's ghost.

Vanquished Creatures
  An adder (D:2)
  An ooze (D:1)
  2 dart slugs
  A leopard gecko (D:3)
  3 ball pythons
  A giant cockroach (D:2)
  7 goblins
  11 hobgoblins
  4 jackals (D:3)
  2 kobolds (D:2)
  2 quokkas
  12 bats
  5 frilled lizards
  7 rats
59 creatures vanquished.

Notes
Turn   | Place    | Note
-------+----------+-------------------------------------------
     0 | D:1      | dobroeutro the Gargoyle Fighter began the quest for the Orb.
     0 | D:1      | Reached XP level 1. HP: 14/14 MP: 1/1
   131 | D:1      | Reached XP level 2. HP: 19/19 MP: 2/2
   188 | D:1      | Reached skill level 1 in Dodging
   347 | D:1      | Reached XP level 3. HP: 23/23 MP: 3/3
  1133 | D:2      | Reached XP level 4. HP: 28/29 MP: 4/4
  1377 | D:3      | Noticed dobroeutro's ghost (amateur GrFi)
  1543 | D:3      | Slain by dobroeutro's ghost

Skill      XL: |  1  2 |
---------------+-------+-----
Dodging        | 1 |  1.5
Fighting       | |  3.9
Maces & Flails | |  2.8
Armour         | |  3.8
Shields        | |  3.2

Action                   |  1- 3 |  4- 6 || total
-------------------------+-------+-------++-------
Melee: Flail             |   167 |    70 ||   237
  Use: Potion            |       |     1 ||     1
  Eat: Chunk             |     1 |     2 ||     3
Armor: Scale mail        |   121 |    40 ||   161
Dodge: Dodged            |    89 |    31 ||   120
Block: Shield            |   126 |    48 ||   174
